 Dungeon Crawl Stone Soup version 0.26-a0-812-g31a745ddcd (webtiles) character file.

Game seed: 16896565767172109473

15865 Lanoc the Devastator (level 12, 0/59 HPs)
             Began as a Gargoyle Conjurer on Nov 21, 2020.
             Was an Elder of Dithmenos.
             Killed from afar by an efreet (31 damage)
             ... with a bolt of fire
             ... on level 13 of the Dungeon.
             The game lasted 00:30:27 (14090 turns).

Lanoc the Devastator (Gargoyle Conjurer)           Turns: 14090, Time: 00:30:27

Health: 0/59       AC: 17    Str: 13    XL:     12   Next: 31%
Magic:  2/15       EV: 17    Int: 27    God:    Dithmenos [****..]
Gold:   647        SH:  0    Dex: 14    Spells: 8/15 levels left

rFire    . . .     SeeInvis .   a - +1 quick blade
rCold    . . .     Faith    .   (no shield)
rNeg     + + .     Spirit   .   r - +0 acid dragon scales
rPois    ∞         Reflect  .   (no helmet)
rElec    +         Harm     .   (no cloak)
rCorr    +         Rampage  .   (no gloves)
MR       +....                  d - +2 pair of boots "Wyihym" {rPois rCorr Str+2}
Stlth    ++........             (no amulet)
HPRegen  0.19/turn              j - +6 ring of dexterity
MPRegen  0.14/turn              g - ring "Duvabb" {rN+ MR+ Int+3}

@: mighty, wreathed by umbra
A: claws 1, hooves 1, negative energy resistance 1, electricity resistance,
unbreathing, petrification resistance, rot immunity, AC +8
a: Shadow Step, Renounce Religion


You were on level 13 of the Dungeon.
You worshipped Dithmenos.
Dithmenos was greatly pleased with you.
You visited 2 branches of the dungeon, and saw 14 of its levels.
You also visited: Gauntlet.

You collected 647 gold pieces.

Inventory:

Hand Weapons
 a - a +1 quick blade (weapon)
Armour
 d - the +2 pair of boots "Wyihym" (worn) {rPois rCorr Str+2}
   (You found it in a Gauntlet)

   It affects your strength (+2).
   It protects you from poison.
   It provides partial protection from all sources of acid and corrosion.
 r - +0 acid dragon scales (worn)
Jewellery
 g - the ring "Duvabb" (right claw) {rN+ MR+ Int+3}
   (You found it in a Gauntlet)

   [ring of positive energy]

   It affects your intelligence (+3).
   It protects you from negative energy.
   It affects your resistance to hostile enchantments.
 j - a +6 ring of dexterity (left claw)
 k - an uncursed ring of protection from cold
Wands
 n - a wand of random effects (11)
 t - a wand of acid (19)
 x - a wand of disintegration (12)
 A - a wand of paralysis (9)
 B - a wand of enslavement (6)
Scrolls
 c - 2 scrolls of remove curse
 e - 2 scrolls of teleportation
 l - 2 scrolls of enchant weapon
 o - a scroll of immolation
 p - 2 scrolls of amnesia
 s - a scroll of magic mapping
 u - 4 scrolls of blinking
 y - a scroll of fog
Potions
 f - a potion of flight
 h - 4 potions of curing
 i - 2 potions of might
 m - 3 potions of brilliance
 v - 3 potions of lignification
 w - 2 potions of mutation


   Skills:
 + Level 9.8 Dodging
 - Level 2.1 Stealth
 - Level 2.0 Spellcasting
 * Level 16.9 Conjurations


You had 8 spell levels left.
You knew the following spells:

 Your Spells              Type           Power        Failure   Level
a - Magic Dart            Conj           ####         0%          1
b - Searing Ray           Conj           ######       1%          2
c - Iskenderun's Mystic   Conj/Tloc      #####...     4%          4

Your spell library contained the following spells:

 Spells                   Type           Power        Failure   Level
 Shock                    Conj/Air       ####         1%          1
 Dazzling Flash           Conj/Hex       #####.       1%          3
 Static Discharge         Conj/Air       #####...     1%          3
 Fulminant Prism          Conj/Hex       #####.....   4%          4
 Lightning Bolt           Conj/Air       #####.....   12%         5
 Blink                    Tloc           N/A          22%         2
 Ensorcelled Hibernation  Hex/Ice        #.....       22%         2
 Swiftness                Air            #.......     22%         2
 Gell's Gravitas          Tloc           #.........   38%         3
 Lesser Beckoning         Tloc           #.........   38%         3
 Teleport Other           Tloc           #.......     38%         3
 Airstrike                Air            #.........   80%         4
 Cause Fear               Hex            #.........   80%         4
 Passage of Golubria      Tloc           N/A          80%         4
 Borgnjor's Vile Clutch   Necr/Erth      #.........   98%         5
 Silence                  Hex/Air        #.........   98%         5
 Yara's Violent Unravell  Hex/Tmut       #.........   98%         5
 Shadow Creatures         Summ           N/A          100%        6
 Discord                  Hex            #.........   100%        8


Dungeon Overview and Level Annotations

Branches:
Dungeon (13/15)            Temple (1/1) D:4            Lair (0/6) D:8
Gauntlet (visited)
    Orc: D:9-12      Vaults: D:13-14

Altars:
Ashenzari
Cheibriados
Dithmenos
Elyvilon
Gozag
Uskayaw
Vehumet
The Shining One

Shops:
D:5 :   D:9 :

Annotations:
D:2 Terence
D:13 Rupert


Innate Abilities, Weirdness & Mutations

You are resistant to torment.
Your stone body is resilient. (AC +8)
You are immune to poison.
You resist negative energy. (rN+)
You are resistant to electric shocks. (rElec)
You can survive without breathing.
You are immune to petrification.
You are immune to rotting.
You have sharp fingernails.
You have large cloven feet.


Message History

The kobold demonologist looks encouraged for a moment.
Your surroundings suddenly seem different.
A wolf spider comes into view.
An efreet comes into view.
It is wielding a +0 scimitar of flaming.
The wolf spider moves out of view.
Found a scroll of teleportation.
Casting: Searing Ray (safe; 1% risk of failure)
Confirm with . or Enter, or press ? or * to list all spells.
Aiming: Magic Dart (safe; 0% risk of failure)
Press: ? - help, Shift-Dir - straight line, f - efreet
Aim: an efreet, wielding a +0 scimitar of flaming (umbra)
The magic dart hits the efreet but does no damage.
The efreet hits you but does no damage.
You feel very mighty all of a sudden. The efreet misses you.
You hit the efreet but do no damage. The efreet gestures at you.
The bolt of fire hits you!!
Ouch! That really hurt!
You die...

########.#
*.....#*****,*
###.###.....#*****,*
#............,,,,*,*
#........?..#***,*,*
#............,,,,*,*
#....○..#####*,***,*
###°#.#.#,,,,,,,,,,*
#R#.#.#,,***,,****
#@#....,,,,,,,* *
#.###.##,,,,,,* *
#.# *?#*,,_,,,* *
#.# *,#*,,,,,** *
#.# *,**,,,,,*****
#.# *,****,,,,,,,*
#.# *,* *,*,***,#
#.# *,* *,*,* *,#
*,* *,* *,*,* *,#


You could see an efreet.

Vanquished Creatures
  3 centaur warriors (D:13)
  2 two-headed ogres
  A cyclops (D:13)
  A manticore (D:12)
  A worldbinder (Gauntlet)
  A rust devil (Gauntlet)
  A gargoyle (D:13)
  4 centaur skeletons
  Joseph (D:7)
  2 centaur zombies
  A komodo dragon (D:8)
  Maggie (D:7)
  A hornet (D:13)
  Grinder (D:3)
  A raiju (Gauntlet)
  A shadow (D:13)
  A wyvern (D:8)
  A ynoxinul (Gauntlet)
  A vampire (D:10)
  3 basilisks (D:8)
  A wraith (D:12)
  3 yaks (D:13)
  3 vampire mosquitoes (D:12)
  A steam dragon (D:7)
  2 insubstantial wisps (D:7)
  2 water moccasins
  The ghost of Apogee the Sneak, an amateur SpEE (D:4)
  A swamp drake (D:8)
  An ice beast (D:12)
  5 orc warriors
  A black bear (D:8)
  2 phantoms
  5 sky beasts
  An eye of draining (D:10)
  A necrophage (D:8)
  2 boggarts (Gauntlet)
  6 ogres
  5 centaurs
  A big kobold (D:9)
  7 bullfrogs
  2 scorpions
  20 wights
  3 quasits (D:4)
  3 hounds
  3 iron imps (Gauntlet)
  3 jellies
  A bullfrog skeleton (D:6)
  4 orc priests
  4 iguanas
  14 orc wizards
  A lightning spire (Gauntlet)
  7 worker ants
  2 hound skeletons
  A worker ant zombie (D:10)
  2 gnolls
  10 adders
  A shadow imp (D:4)
  2 ufetubi (D:6)
  3 adder skeletons
  2 worms
  3 dart slugs
  3 leopard geckos
  33 orcs
  3 ball pythons
  13 bats
  3 giant cockroaches
  4 goblins
  A hobgoblin (D:3)
  6 jackals (D:3)
  2 quokkas
  4 frilled lizards
  5 kobolds
  A quokka zombie (D:8)
  5 rats
254 creatures vanquished.

Vanquished Creatures (others)
  24 demonic plants (Gauntlet)
  8 plants (D:12)
32 creatures vanquished.

Grand Total: 286 creatures vanquished

Notes
Turn   | Place    | Note
-------+----------+-------------------------------------------
     0 | D:1      | Lanoc the Gargoyle Conjurer began the quest for the Orb.
     0 | D:1      | Reached XP level 1. HP: 10/10 MP: 3/3
   108 | D:2      | Reached XP level 2. HP: 13/15 MP: 0/5
   298 | D:2      | Noticed Terence
   368 | D:3      | Found a shadowy altar of Dithmenos.
   392 | D:3      | Reached skill level 5 in Conjurations
   503 | D:3      | Became a worshipper of Dithmenos the Shadowed
   550 | D:3      | Reached XP level 3. HP: 19/19 MP: 1/6
   919 | D:3      | Reached XP level 4. HP: 24/24 MP: 5/7
  1007 | D:3      | Found a white marble altar of Elyvilon.
  1039 | D:3      | Learned a level 2 spell: Searing Ray
  1155 | D:3      | Reached * piety under Dithmenos
  1256 | D:3      | Noticed Grinder
  1262 | D:3      | Paralysed by Grinder for 4 turns
  1267 | D:3      | Gained mutation: You have large cloven feet. [potion of
                  | mutation]
  1267 | D:3      | Gained mutation: You have sharp fingernails. [potion of
                  | mutation]
  1272 | D:3      | Paralysed by Grinder for 7 turns
  1280 | D:3      | Killed Grinder
  1280 | D:3      | Reached skill level 7 in Conjurations
  1280 | D:3      | Reached XP level 5. HP: 8/28 MP: 5/8
  1280 | D:3      | Reached XP level 6. HP: 10/32 MP: 5/9
  1711 | D:3      | Found a radiant altar of Vehumet.
  2172 | D:4      | Found a transporter.
  2228 | D:4      | Found a transporter.
  2233 | D:4      | Noticed Apogee's ghost (amateur SpEE)
  2451 | D:4      | Reached XP level 7. HP: 36/36 MP: 5/10
  2620 | D:4      | Found a staircase to the Ecumenical Temple.
  2642 | Temple   | Entered the Ecumenical Temple
  2706 | D:4      | Reached skill level 8 in Conjurations
  2858 | D:4      | Found a hide-covered altar of Uskayaw.
  3205 | D:4      | Killed Apogee's ghost
  3228 | D:5      | Entered Level 5 of the Dungeon
  3237 | D:5      | Reached skill level 9 in Conjurations
  3237 | D:5      | Reached XP level 8. HP: 34/41 MP: 1/11
  3612 | D:5      | Reached ** piety under Dithmenos
  3805 | D:5      | Found Lojeff's Book Boutique.
  3965 | D:5      | Found a snail-covered altar of Cheibriados.
  4163 | D:5      | Reached skill level 5 in Dodging
  4163 | D:5      | Reached skill level 10 in Conjurations
  4901 | D:6      | Found a broken altar of Ashenzari.
  5064 | D:6      | Reached XP level 9. HP: 39/45 MP: 8/12
  5375 | D:6      | Found an opulent altar of Gozag.
  5942 | D:7      | Noticed Maggie
  5949 | D:7      | Killed Maggie
  5949 | D:7      | Reached skill level 11 in Conjurations
  6146 | D:7      | Noticed Joseph
  6158 | D:7      | Killed Joseph
  6505 | D:7      | Reached skill level 12 in Conjurations
  7036 | D:7      | Reached XP level 10. HP: 45/50 MP: 8/13
  7589 | D:8      | Reached skill level 13 in Conjurations
  7814 | D:8      | Found a staircase to the Lair.
  7891 | D:8      | Reached *** piety under Dithmenos
  8997 | D:9      | Noticed a two-headed ogre
  9012 | D:9      | Killed a two-headed ogre
  9012 | D:9      | Reached skill level 14 in Conjurations
  9349 | D:9      | Found Wuynil's Book Boutique.
  9591 | D:9      | Learned a level 4 spell: Iskenderun's Mystic Blast
  9955 | D:10     | Entered Level 10 of the Dungeon
  9991 | D:10     | Reached XP level 11. HP: 54/54 MP: 8/14
 10270 | D:10     | Identified the cursed +0 ring mail of Awe {Dex+2}
 10772 | D:10     | Reached **** piety under Dithmenos
 11377 | D:11     | You fall into a shaft and drop 1 floor!
 11377 | D:12     | Noticed a yaktaur captain
 11378 | D:12     | Noticed a fire dragon
 11379 | D:12     | Noticed a centaur warrior
 11579 | D:12     | Reached skill level 15 in Conjurations
 11711 | D:12     | Noticed a two-headed ogre
 11719 | D:12     | Killed a two-headed ogre
 12234 | D:12     | Noticed a manticore
 12240 | D:12     | Killed a manticore
 12425 | D:13     | Noticed a centaur warrior
 12432 | D:13     | Killed a centaur warrior
 12441 | D:13     | Noticed a cyclops
 12449 | D:13     | Killed a cyclops
 12449 | D:13     | Reached skill level 16 in Conjurations
 12499 | D:13     | Found a gate leading to a gauntlet.
 12508 | Gauntlet | Entered a Gauntlet
 12508 | Gauntlet | Found a transporter.
 12547 | Gauntlet | Noticed a death scarab
 12550 | Gauntlet | Found a transporter.
 12565 | Gauntlet | Found a transporter.
 12567 | Gauntlet | Noticed a red ugly thing
 12569 | Gauntlet | Noticed a fire crab
 12570 | Gauntlet | Found a transporter.
 12585 | Gauntlet | Found a transporter.
 12601 | Gauntlet | Noticed a great orb of eyes
 12604 | Gauntlet | Found a transporter.
 12613 | Gauntlet | Found a transporter.
 12614 | Gauntlet | Noticed a sun demon
 12628 | Gauntlet | Found a transporter.
 12640 | Gauntlet | Found a transporter.
 12646 | Gauntlet | Found a transporter.
 12646 | Gauntlet | Found a transporter.
 12661 | Gauntlet | Found a transporter.
 12667 | Gauntlet | Found a transporter.
 12706 | Gauntlet | Found a transporter.
 12708 | Gauntlet | Identified the ring of Gozag's Condemnation {Ice rPois
                  | Str+6}
 12730 | Gauntlet | Noticed a worldbinder
 12731 | Gauntlet | Found a transporter.
 12733 | Gauntlet | Found a transporter.
 12753 | Gauntlet | Found a transporter.
 12831 | Gauntlet | Found a transporter.
 12968 | Gauntlet | Got a pair of distressingly furry boots
 12973 | Gauntlet | Identified the +2 pair of boots "Wyihym" {rPois rCorr
                  | Str+2} (You found it in a Gauntlet)
 13081 | Gauntlet | Killed a worldbinder
 13082 | Gauntlet | Noticed a moth of wrath
 13274 | Gauntlet | Got an ancient glass ring
 13276 | Gauntlet | Identified the ring "Duvabb" {rN+ MR+ Int+3} (You found it
                  | in a Gauntlet)
 13316 | Gauntlet | Noticed a minotaur
 13623 | D:13     | Noticed Rupert
 13636 | D:13     | Noticed a centaur warrior
 13643 | D:13     | Killed a centaur warrior
 13643 | D:13     | Reached XP level 12. HP: 36/59 MP: 3/15
 14051 | D:13     | Noticed a centaur warrior
 14076 | D:13     | Killed a centaur warrior
 14090 | D:13     | Killed from afar by an efreet

Illustrated notes

Levels and vault maps discovered:
D:1:      dpeg_arrival_pits, layout_basic, hangedman_decor_growths,
          minmay_misc_feat_doors
D:2:      layout_basic, uniq_terence, uniq_sigmund
D:3:      layout_loops_ring, elyvilon_altar_5, nicolae_overflow_crystal_walls,
          lemuel_round_altar, uniq_grinder
D:4:      layout_basic, kennysheep_mini, gammafunk_ghost_stat_death
D:5:      layout_gridville, kennysheep_slug_shrine, serial_shops, shop
D:6:      layout_basic, grunt_gozag_statues, nicolae_ashenzari_panopticon
D:7:      layout_loops_cross, hangedman_misty_isle, uniq_joseph, uniq_maggie
D:8:      layout_loops_ring, erik_lair_dragon
D:9:      layout_loops_corners, serial_shops, nicolae_shop_window_shopping
D:10:     layout_irregular_city, billiards_dpeg
D:11:     layout_gridville, serial_shops, nicolae_shop_behind_doors, shop,
          nicolae_shop_stone, kennysheep_dice
D:12:     layout_gridville, orc_0_dummy, minmay_shattered_shrine
D:13:     layout_basic, gauntlet_entry_generic, basic_altar, minivault_28,
          uniq_snorg, uniq_rupert
Temple:   eino_wide_crystal_templ

Skill      XL: |  1  2  3  4  5  6  7  8  9 10 11 |
---------------+----------------------------------+-----
Dodging        | 2 3 4 5 6 8 9 |  9.8
Conjurations   | 5 7 9 10 12 14 16 | 16.9
Stealth        | |  2.1
Spellcasting   | |  2.0

Action                   |  1- 3 |  4- 6 |  7- 9 | 10-12 || total
-------------------------+-------+-------+-------+-------++-------
Melee: Unarmed           |    21 |       |       |       ||    21
       Hand axe          |     2 |    21 |    31 |       ||    54
       Kick              |       |     1 |     9 |    23 ||    33
       Quick blade       |       |       |       |    88 ||    88
       Trident           |       |       |       |     4 ||     4
Throw: Dart              |       |       |       |     3 ||     3
 Cast: Magic Dart        |    58 |    66 |   110 |    66 ||   300
       Searing Ray       |       |     5 |    36 |   102 ||   143
  Use: Potion            |       |     3 |       |     7 ||    10
       Scroll            |       |       |       |    18 ||    18
 Stab: Sleeping          |       |       |     1 |     1 ||     2
Armor: Robe              |     8 |    10 |    39 |       ||    57
       Acid dragon scale |       |       |     9 |    92 ||   101
Dodge: Dodged            |    25 |    28 |   119 |   219 ||   391

Table legend: (Time is in decaauts)
 A = Elapsed time spent in this place.
 B = Non-inter-level travel time spent in this place.
 C = Inter-level travel time spent in this place.
 D = Time resting spent in this place.
 E = Time spent auto-exploring this place.
 F = Levels seen in this place.
 G = Mean time per level.
                   A        B        C        D        E       F      G
               +--------+--------+--------+--------+--------+-----+--------+
         Total |  14058 |  13697 |    361 |    522 |  10790 |  15 |  937.2 |
       Dungeon |  13236 |  12875 |    361 |    327 |  10443 |  13 | 1018.2 |
        Temple |      1 |      1 |      0 |      0 |      0 |   1 |    1.0 |
      Gauntlet |    820 |    820 |      0 |    195 |    347 |   1 |  820.0 |
               +--------+--------+--------+--------+--------+-----+--------+

Top non-repeatable levels by time:
     D:3: 1792 daAuts
     D:5: 1603 daAuts
     D:8: 1392 daAuts
    D:10: 1373 daAuts
     D:9: 1366 daAuts
     D:7: 1199 daAuts
     D:4: 1152 daAuts
     D:6: 1151 daAuts
    D:13: 958 daAuts
    D:12: 899 daAuts
Gauntlet: 820 daAuts
     D:2: 306 daAuts
    D:11: 38 daAuts
     D:1: 2 daAuts
  Temple: 1 daAuts
